 Dungeon Crawl Stone Soup version 0.30-a0-715-gdb4ae3ece1 (webtiles) character file.

Game seed: 7501436219499048148

14 flotson the Sneak (level 2, -10/24 HPs)
             Began as a Demonspawn Delver on Jan 23, 2023.
             Mangled by an iguana (11 damage)
             ... on level 5 of the Dungeon.
             The game lasted 00:00:59 (377 turns).

flotson the Sneak (Demonspawn Delver)                Turns: 377, Time: 00:01:00

Health: -10/24     AC:  6    Str: 12    XL:     2   Next: 27%
Magic:  2/2        EV: 10    Int: 11    God:
Gold:   0          SH:  0    Dex: 14    Spells: 1/1 levels left

rFire   . . .      SeeInvis .    a - +0 hand axe
rCold   . . .      Faith    .    (no shield)
rNeg    . . .      Spirit   .    h - +0 ring mail
rPois   .          Reflect  .    (helmet restricted)
rElec   .          Harm     .    (no cloak)
rCorr   .          Rampage  .    b - +0 pair of gloves
Will    .....                    (no boots)
Stlth   ++                       (no amulet)
HPRegen 0.24/turn                (no ring)
MPRegen 0.08/turn                (no ring)

@: no status effects
A: horns 1
a: no special abilities


You were on level 5 of the Dungeon.
You visited 1 branch of the dungeon, and saw 1 of its levels.

Inventory:

Hand Weapons
 a - a +0 hand axe (weapon)
Armour
 b - a +0 pair of gloves (worn)
 h - a +0 ring mail (worn)
Wands
 g - a wand of digging (3)
Scrolls
 c - a scroll of fog
 d - a scroll of magic mapping
 e - a scroll of fear
Potions
 f - a potion of haste
 i - a potion of heal wounds {unknown}


   Skills:
 + Level 3.1 Fighting
 + Level 1.9 Axes
 + Level 0.0 Throwing
 + Level 0.4 Armour
 + Level 2.0 Dodging
 + Level 4.6 Stealth
 + Level 0.4 Evocations


You had one spell level left.
You didn't know any spells.
Your spell library was empty.

Dungeon Overview and Level Annotations

Branches:
Dungeon (5/15)
 Temple: D:4-7

Altars:

Annotations:
D:5 Edmund


Innate Abilities, Weirdness & Mutations

You have a pair of small horns on your head.


Message History

You see here a potion of haste.
Throw: 3 darts (poison)
Press: ? - help, Q - select action Shift-Dir - straight line, f - iguana
Aim: an iguana (asleep, 98% to hit)
You throw a poisoned dart. The poisoned dart hits the iguana.
The iguana is poisoned.
The iguana hisses angrily.
Throw: 2 darts (poison)
Press: ? - help, Q - select action Shift-Dir - straight line, f/p - iguana
Aim: an iguana (poisoned, 63% to hit)
You throw a poisoned dart. The poisoned dart hits the iguana.
Throw: dart (poison)
Press: ? - help, Q - select action Shift-Dir - straight line, f/p - iguana
Aim: an iguana (poisoned, 63% to hit)
You throw a poisoned dart.
The poisoned dart barely misses the iguana.
You hit the iguana.
The iguana is lightly wounded.
The iguana looks more healthy.
The iguana bites you. x2
You barely miss the iguana.
The iguana is lightly wounded.
The iguana bites you but does no damage.
You hit the iguana. Your headbutt misses the iguana.
The iguana is heavily wounded.
The iguana bites you.
You closely miss the iguana.
The iguana is heavily wounded.
The iguana closely misses you.
You hit the iguana. Your headbutt misses the iguana.
The iguana is heavily wounded.
The iguana bites you.
You hit the iguana.
The iguana is severely wounded.
The iguana closely misses you. The iguana bites you!
* * * LOW HITPOINT WARNING * * *
You hit the iguana but do no damage.
You headbutt the iguana, but do no damage.
The iguana is severely wounded.
The iguana bites you!
You die...

.##.#.......##....#.......##.#.#'
.##.#.............#.########.#...
.##.#..†...............).........
..................#.########.....
..#.#.....#.#.....#.###### #.#.#'
..#.......#.##...............#...
...............#..#.#..##### #.#.
#.#.................#...#.######.
...............#@................
#.#..#.####.####l......##......#.
.......................##.####+#.
#.####.#.##.##......#..##.# #....
#.# ... ..##......#..##.# #....
#.# . . .. #.(....#..##.# #....
#.# #(.....#..##.# #.... .#
#..(......##.###[...
#...................


You could see an iguana.

Vanquished Creatures
  An adder (D:5)
  A worm (D:5)
  A quokka (D:5)
3 creatures vanquished.

Notes
Turn   | Place    | Note
-------+----------+-------------------------------------------
     0 | D:5      | flotson the Demonspawn Delver began the quest for the Orb.
     0 | D:5      | Reached XP level 1. HP: 18/18 MP: 1/1
    31 | D:5      | Noticed an iguana
    92 | D:5      | Noticed Edmund
   136 | D:5      | Gained mutation: You have a pair of small horns on your
                  | head. [demonic ancestry]
   136 | D:5      | Reached XP level 2. HP: 10/24 MP: 2/2
   376 | D:5      | HP: 1/24 [iguana (7)]
   377 | D:5      | Mangled by an iguana

Illustrated notes

Levels and vault maps discovered:
D:5:      layout_basic, fedhas_ov_isle_minmay, serial_shops,
          nicolae_shop_behind_doors, uniq_edmund, uniq_ijyb

Skill      XL: |  1 |
---------------+----+-----
Dodging        | 2 |  2.0
Fighting       | |  3.1
Axes           | |  1.9
Armour         | |  0.4
Stealth        | |  4.6
Evocations     | |  0.4

Action                     || total
---------------------------++-------
  Melee: Hand axe          ||    21
         Punch             ||     1
         Headbutt          ||     1
  Throw: Dart              ||     3
 Armour: Ring mail         ||     6
  Dodge: Dodged            ||     6

Table legend: (Time is in decaauts)
 A = Elapsed time spent in this place.
 B = Non-inter-level travel time spent in this place.
 C = Inter-level travel time spent in this place.
 D = Time resting spent in this place.
 E = Time spent auto-exploring this place.
 F = Levels seen in this place.
 G = Mean time per level.
                   A        B        C        D        E       F      G
               +--------+--------+--------+--------+--------+-----+--------+
         Total |    381 |    371 |     10 |     74 |    155 |   1 |  381.0 |
       Dungeon |    381 |    371 |     10 |     74 |    155 |   1 |  381.0 |
               +--------+--------+--------+--------+--------+-----+--------+

Top non-repeatable levels by time:
     D:5: 381 daAuts
